TOP OF THE 1ST |
Canton Indians batting - Pitching for York Revolution : RHP Jordan Lopez
|
Pitching: RHP Jordan Lopez
|
|
Batting: RHB Nick Rainey
|
0-0: Fly out, F9 (Flyball, 9, EV 88.1 MPH)
|
Batting: RHB Oscar Hernandez
|
0-0: Ball 1-0: Fly out, F7 (Flyball, 7, EV 86.9 MPH)
|
Batting: SHB Bob Ledlow
|
0-0: Foul Ball, location: 2F 0-1: Foul Ball, location: 2F 0-2: Strikes out looking
|
Top of the 1st over - 0 runs, 0 hits, 0 errors, 0 left on base; Canton 0 - York 0 |
BOTTOM OF THE 1ST |
York Revolution batting - Pitching for Canton Indians : LHP Keith Wilson
|
Pitching: LHP Keith Wilson
|
|
Batting: LHB Quincy Smart
|
0-0: Called Strike 0-1: Fly out, F5 (Popup, 5S, EV 82.5 MPH)
|
Batting: LHB Mike Hawk
|
0-0: Ball 1-0: Ball 2-0: Ball 3-0: Called Strike 3-1: Base on Balls
|
Batting: RHB Juan Gonzalez
|
0-0: SINGLE (Groundball, 34D, EV 108.8 MPH) Mike Hawk to second Runner from 2nd tries for 3rd, SAFE, no throw by RF
|
Batting: RHB Dan Shaffer
|
0-0: Ball 1-0: Called Strike 1-1: Foul Ball, location: 2F 1-2: Fly out, F8 (Flyball, 8RM, EV 90.6 MPH)
|
Batting: RHB Alexis Graciani
|
0-0: Ball 1-0: Ball 2-0: Ball 3-0: Base on Balls Juan Gonzalez to second
|
Batting: LHB Cipto Pakpahan
|
0-0: SINGLE (Groundball, 6D, EV 100.6 MPH) Mike Hawk scores Juan Gonzalez to third Alexis Graciani to second
|
Batting: RHB Mike Staunton
|
0-0: Ball 1-0: Called Strike 1-1: Ball 2-1: Fly out, F3 (Popup, 3F, EV 60.6 MPH)
|
Bottom of the 1st over - 1 run, 2 hits, 0 errors, 3 left on base; Canton 0 - York 1 |
TOP OF THE 2ND |
Canton Indians batting - Pitching for York Revolution : RHP Jordan Lopez
|
Batting: LHB Mark Harris
|
0-0: Called Strike 0-1: Ball 1-1: SOLO HOME RUN (Flyball, 8RXD, EV 105.0 MPH), Distance : 435 ft
|
Batting: RHB David Haas
|
0-0: Foul Ball, location: 2F 0-1: Swinging Strike 0-2: Strikes out swinging
|
Batting: RHB Ryan Paquette
|
0-0: Ball 1-0: Fly out, F8 (Flyball, 8RM, EV 83.8 MPH)
|
Batting: RHB Giuliano Giacoletti Jr.
|
0-0: Ball 1-0: Called Strike 1-1: Foul Ball, location: 2F 1-2: Ball 2-2: Strikes out looking
|
Top of the 2nd over - 1 run, 1 hit, 0 errors, 0 left on base; Canton 1 - York 1 |
BOTTOM OF THE 2ND |
York Revolution batting - Pitching for Canton Indians : LHP Keith Wilson
|
Batting: RHB Jonathan Steria
|
0-0: Fly out, F8 (Flyball, 8LD, EV 86.9 MPH)
|
Batting: RHB Tim Schell
|
0-0: Called Strike 0-1: Swinging Strike 0-2: Ball 1-2: Strikes out looking
|
Batting: LHB Quincy Smart
|
0-0: Ball 1-0: Swinging Strike 1-1: Foul Ball, location: 2F 1-2: Fly out, F9 (Flyball, 89S, EV 88.1 MPH)
|
Bottom of the 2nd over - 0 runs, 0 hits, 0 errors, 0 left on base; Canton 1 - York 1 |
TOP OF THE 3RD |
Canton Indians batting - Pitching for York Revolution : RHP Jordan Lopez
|
Batting: RHB Jesus Sanchez
|
0-0: Called Strike 0-1: Foul Ball, location: 2F 0-2: Ball 1-2: Ball 2-2: Strikes out swinging
|
Batting: SHB Jose Abreu
|
0-0: Foul Ball, location: 2F 0-1: Swinging Strike 0-2: Ball 1-2: Ball 2-2: Foul Ball, location: 2F 2-2: Strikes out swinging
|
Batting: RHB Nick Rainey
|
0-0: Called Strike 0-1: Ball 1-1: Foul Ball, location: 2F 1-2: Ball 2-2: Foul Ball, location: 2F 2-2: Ground out 6-3 (Groundball, 6S, EV 85.6 MPH)
|
Top of the 3rd over - 0 runs, 0 hits, 0 errors, 0 left on base; Canton 1 - York 1 |
BOTTOM OF THE 3RD |
York Revolution batting - Pitching for Canton Indians : LHP Keith Wilson
|
Batting: LHB Mike Hawk
|
0-0: Ground out U3 (Groundball, 34, EV 103.8 MPH)
|
Batting: RHB Juan Gonzalez
|
0-0: Called Strike 0-1: Swinging Strike 0-2: Ground out U3 (Groundball, 34, EV 103.8 MPH)
|
Batting: RHB Dan Shaffer
|
0-0: Ball 1-0: Ball 2-0: Swinging Strike 2-1: Foul Ball, location: 2F 2-2: Ball 3-2: Foul Ball, location: 2F 3-2: Foul Ball, location: 2F 3-2: Base on Balls
|
Batting: RHB Alexis Graciani
|
0-0: Called Strike 0-1: Ball 1-1: Called Strike 1-2: Foul Ball, location: 2F 1-2: Strikes out swinging
|
Bottom of the 3rd over - 0 runs, 0 hits, 0 errors, 1 left on base; Canton 1 - York 1 |
TOP OF THE 4TH |
Canton Indians batting - Pitching for York Revolution : RHP Jordan Lopez
|
Batting: RHB Oscar Hernandez
|
0-0: Called Strike 0-1: Fly out, F9 (Flyball, 89D, EV 96.9 MPH)
|
Batting: SHB Bob Ledlow
|
0-0: Foul Ball, location: 2F 0-1: Ball 1-1: Ball 2-1: Ball 3-1: SINGLE (Groundball, 6D, EV 106.9 MPH)
|
Batting: LHB Mark Harris
|
0-0: Called Strike 0-1: Swinging Strike 0-2: Strikes out swinging
|
Batting: RHB David Haas
|
0-0: Called Strike 0-1: Ball 1-1: Foul Ball, location: 2F 1-2: Strikes out swinging
|
Top of the 4th over - 0 runs, 1 hit, 0 errors, 1 left on base; Canton 1 - York 1 |
BOTTOM OF THE 4TH |
York Revolution batting - Pitching for Canton Indians : LHP Keith Wilson
|
Batting: LHB Cipto Pakpahan
|
0-0: Called Strike 0-1: Ball 1-1: Fly out, F8 (Flyball, 8LM, EV 91.2 MPH)
|
Batting: RHB Mike Staunton
|
0-0: Called Strike 0-1: Ball 1-1: Foul Ball, location: 2F 1-2: Ball 2-2: Ground out 6-3 (Groundball, 6, EV 90.0 MPH)
|
Batting: RHB Jonathan Steria
|
0-0: Called Strike 0-1: Swinging Strike 0-2: Ball 1-2: Ball 2-2: Ball 3-2: Strikes out swinging
|
Bottom of the 4th over - 0 runs, 0 hits, 0 errors, 0 left on base; Canton 1 - York 1 |
TOP OF THE 5TH |
Canton Indians batting - Pitching for York Revolution : RHP Jordan Lopez
|
Batting: RHB Ryan Paquette
|
0-0: Ball 1-0: Ball 2-0: Called Strike 2-1: Foul Ball, location: 2F 2-2: Strikes out swinging
|
Batting: RHB Giuliano Giacoletti Jr.
|
0-0: Ball 1-0: SINGLE (Groundball, 4MD, EV 98.8 MPH)
|
Batting: RHB Jesus Sanchez
|
0-0: Called Strike 0-1: Fielders Choice at 2nd, 5-4 (Groundball, 56S, EV 88.1 MPH)
|
Batting: SHB Jose Abreu
|
0-0: Foul Ball, location: 2F 0-1: SINGLE (Groundball, 6M, EV 104.4 MPH) (infield hit) Jesus Sanchez to second
|
Batting: RHB Nick Rainey
|
0-0: Ball 1-0: Ball 2-0: Swinging Strike 2-1: Called Strike 2-2: Foul Ball, location: 2F 2-2: Fielders Choice at 2nd, 5-4 (Groundball, 56, EV 88.8 MPH)
|
Top of the 5th over - 0 runs, 2 hits, 0 errors, 2 left on base; Canton 1 - York 1 |
BOTTOM OF THE 5TH |
York Revolution batting - Pitching for Canton Indians : LHP Keith Wilson
|
Batting: RHB Tim Schell
|
0-0: Called Strike 0-1: Foul Ball, location: 2F 0-2: Foul Ball, location: 2F 0-2: Ball 1-2: Fly out, F3 (Popup, 3SF, EV 70.6 MPH)
|
Batting: LHB Quincy Smart
|
0-0: Ball 1-0: Fly out, F7 (Flyball, 7LS, EV 86.2 MPH)
|
Batting: LHB Mike Hawk
|
0-0: Ball 1-0: Called Strike 1-1: Ground out 4-3 (Groundball, 34, EV 99.4 MPH)
|
Bottom of the 5th over - 0 runs, 0 hits, 0 errors, 0 left on base; Canton 1 - York 1 |
TOP OF THE 6TH |
Canton Indians batting - Pitching for York Revolution : RHP Jordan Lopez
|
Batting: RHB Oscar Hernandez
|
0-0: Called Strike 0-1: Ball 1-1: Foul Ball, location: 2F 1-2: Foul Ball, location: 2F 1-2: Fly out, F9 (Line Drive, 89D, EV 86.2 MPH)
|
Batting: SHB Bob Ledlow
|
0-0: Ball 1-0: Foul Ball, location: 2F 1-1: Ball 2-1: Foul Ball, location: 2F 2-2: Fly out, F5 (Popup, 25, EV 87.5 MPH)
|
Batting: LHB Mark Harris
|
0-0: Ground out 4-3 (Groundball, 4, EV 93.1 MPH)
|
Top of the 6th over - 0 runs, 0 hits, 0 errors, 0 left on base; Canton 1 - York 1 |
BOTTOM OF THE 6TH |
York Revolution batting - Pitching for Canton Indians : LHP Keith Wilson
|
Batting: RHB Juan Gonzalez
|
0-0: Called Strike 0-1: Called Strike 0-2: Ground out 6-3 (Groundball, 6, EV 101.2 MPH)
|
Batting: RHB Dan Shaffer
|
0-0: Ball 1-0: Called Strike 1-1: Foul Ball, location: 2F 1-2: SINGLE (Groundball, 2R, EV 65.0 MPH) (infield hit)
|
Batting: RHB Alexis Graciani
|
0-0: Ball 1-0: Foul Ball, location: 2F 1-1: Ball 2-1: Foul Ball, location: 2F 2-2: Strikes out swinging
|
Pitching: RHP Steve Child
|
|
Batting: LHB Cipto Pakpahan
|
0-0: Called Strike 0-1: Foul Ball, location: 2F 0-2: Strikes out swinging
|
Bottom of the 6th over - 0 runs, 1 hit, 0 errors, 1 left on base; Canton 1 - York 1 |
TOP OF THE 7TH |
Canton Indians batting - Pitching for York Revolution : RHP Jordan Lopez
|
Batting: RHB David Haas
|
0-0: SINGLE (Line Drive, 8LS, EV 97.5 MPH)
|
Batting: RHB Ryan Paquette
|
0-0: Ball 1-0: Ball 2-0: Called Strike 2-1: Foul Ball, location: 2F 2-2: Strikes out swinging
|
Pitching: LHP Carlton Hookway
|
|
Pinch Hitting: LHB Julio Zamora
|
0-0: Ball 1-0: Ball Passed Ball! David Haas to second 2-0: Called Strike 2-1: Foul Ball, location: 2F 2-2: Foul Ball, location: 2F 2-2: SINGLE (Groundball, 34D, EV 111.2 MPH) David Haas to third
|
Pinch Hitting: LHB Jason Kessler
|
0-0: Called Strike 0-1: Ball 1-1: Ball 2-1: Swinging Strike 2-2: Fly out, F2 (Popup, 2L, EV 85.6 MPH)
|
Batting: SHB Jose Abreu
|
0-0: Ball 1-0: Ball 2-0: Called Strike 2-1: Swinging Strike 2-2: Foul Ball, location: 2F 2-2: Strikes out swinging
|
Top of the 7th over - 0 runs, 2 hits, 0 errors, 2 left on base; Canton 1 - York 1 |
BOTTOM OF THE 7TH |
York Revolution batting - Pitching for Canton Indians : RHP Steve Child
|
Now at 2B: Joe Bauer
|
|
Now at SS: Willie Toral
|
|
Batting: RHB Mike Staunton
|
0-0: Called Strike 0-1: Ball 1-1: SINGLE (Line Drive, 8RS, EV 90.0 MPH)
|
Batting: RHB Jonathan Steria
|
0-0: Ball 1-0: Foul Ball, location: 2F 1-1: Swinging Strike 1-2: Foul Ball, location: 2F 1-2: Ball 2-2: Strikes out swinging
|
Batting: RHB Tim Schell
|
0-0: Ball 1-0: Fly out, F8 (Flyball, 8LD, EV 100.0 MPH)
|
Batting: LHB Quincy Smart
|
0-0: Foul Ball, location: 2F 0-1: Ball 1-1: Ball 2-1: Called Strike 2-2: Foul Ball, location: 2F 2-2: SINGLE (Groundball, 6MD, EV 77.5 MPH) (infield hit) Mike Staunton to second
|
Batting: LHB Mike Hawk
|
0-0: Ball 1-0: Called Strike 1-1: Foul Ball, location: 2F 1-2: Foul Ball, location: 2F 1-2: Ball 2-2: Foul Ball, location: 2F 2-2: Strikes out swinging
|
Bottom of the 7th over - 0 runs, 2 hits, 0 errors, 2 left on base; Canton 1 - York 1 |
TOP OF THE 8TH |
Canton Indians batting - Pitching for York Revolution : LHP Carlton Hookway
|
Pinch Hitting: LHB Dorian Oram
|
0-0: Foul Ball, location: 2F 0-1: Foul Ball, location: 2F 0-2: Foul Ball, location: 2F 0-2: Ground out 5-3 (Groundball, 5, EV 90.0 MPH)
|
Batting: RHB Oscar Hernandez
|
0-0: Foul Ball, location: 2F 0-1: Called Strike 0-2: Strikes out swinging
|
Batting: SHB Bob Ledlow
|
0-0: Called Strike 0-1: Called Strike 0-2: Ball 1-2: Ball 2-2: Foul Ball, location: 2F 2-2: Strikes out swinging
|
Top of the 8th over - 0 runs, 0 hits, 0 errors, 0 left on base; Canton 1 - York 1 |
BOTTOM OF THE 8TH |
York Revolution batting - Pitching for Canton Indians : RHP Steve Child
|
Now in LF: Jonathan Johnstad
|
|
Batting: RHB Juan Gonzalez
|
0-0: Swinging Strike 0-1: Ball 1-1: Ball 2-1: Foul Ball, location: 2F 2-2: Fly out, F9 (Flyball, 9S, EV 83.8 MPH)
|
Batting: RHB Dan Shaffer
|
0-0: Ball 1-0: Foul Ball, location: 2F 1-1: Foul Ball, location: 2F 1-2: Ball 2-2: Foul Ball, location: 2F 2-2: Ball 3-2: Foul Ball, location: 2F 3-2: Strikes out looking
|
Batting: RHB Alexis Graciani
|
0-0: Called Strike 0-1: Foul Ball, location: 2F 0-2: Foul Ball, location: 2F 0-2: Foul Ball, location: 2F 0-2: Strikes out swinging
|
Bottom of the 8th over - 0 runs, 0 hits, 0 errors, 0 left on base; Canton 1 - York 1 |
TOP OF THE 9TH |
Canton Indians batting - Pitching for York Revolution : LHP Carlton Hookway
|
Pinch Hitting: RHB Jose Lebron
|
0-0: Swinging Strike 0-1: Ball 1-1: Ball 2-1: SINGLE (Groundball, 4S, EV 64.4 MPH) (infield hit)
|
Pinch Hitting: RHB Josh Carini
|
0-0: Called Strike 0-1: Ball 1-1: Foul Ball, location: 2F 1-2: Strikes out swinging
|
Batting: RHB Ryan Paquette
|
0-0: Ball 1-0: Foul Ball, location: 2F 1-1: SINGLE (Line Drive, 4MD, EV 95.6 MPH) Jose Lebron to second Runner from 2nd tries for 3rd, SAFE, throw by CF made to third
|
Batting: RHB Joe Bauer
|
0-0: Ball 1-0: Called Strike 1-1: Ball 2-1: SINGLE (Groundball, 34, EV 96.2 MPH) Jose Lebron scores Ryan Paquette to second Runner from 2nd tries for 3rd, SAFE, throw by RF made to third
|
Pitching: RHP Lee Williams
|
|
Batting: RHB Willie Toral
|
0-0: Ball Joe Bauer steals 2nd base 1-0: Foul Ball, location: 2F 1-1: SINGLE (Flyball, 78S, EV 98.1 MPH) Ryan Paquette scores Joe Bauer to third
|
Batting: SHB Jose Abreu
|
0-0: Ball 1-0: Ball 2-0: Ball 3-0: Called Strike 3-1: Called Strike 3-2: Foul Ball, location: 2F 3-2: Fielders Choice at 2nd, 4-6 (Groundball, 4, EV 86.9 MPH) Joe Bauer scores
|
Pinch Hitting: SHB Brad Larabel
|
0-0: Ball 1-0: Ball Jose Abreu steals 2nd base 2-0: Ground out 4-3 (Groundball, 4, EV 100.6 MPH)
|
Top of the 9th over - 3 runs, 4 hits, 0 errors, 1 left on base; Canton 4 - York 1 |
BOTTOM OF THE 9TH |
York Revolution batting - Pitching for Canton Indians : RHP Steve Child
|
Pitching: RHP Abdul-Wadud Mazin
|
|
Now at 1B: Henri Chardon
|
|
Now at 3B: Manuel de los Santos
|
|
Now in LF: Aubrey Regimbald
|
|
Batting: LHB Cipto Pakpahan
|
0-0: Ball 1-0: SINGLE (Groundball, 3D, EV 106.9 MPH)
|
Batting: RHB Mike Staunton
|
0-0: Fielders Choice at 2nd, 6-4 (Groundball, 6, EV 79.4 MPH)
|
Pinch Hitting: LHB Skyler Bright
|
0-0: Ball 1-0: Ball 2-0: Ball 3-0: Swinging Strike 3-1: Called Strike 3-2: Strikes out looking
|
Pinch Hitting: RHB Josh Jarvis
|
0-0: Ball 1-0: Foul Ball, location: 2F 1-1: Ball 2-1: Ball 3-1: Foul Ball, location: 2F 3-2: Foul Ball, location: 2F 3-2: Foul Ball, location: 2F 3-2: Ground out 6-3 (Groundball, 56, EV 97.5 MPH)
|
Bottom of the 9th over - 0 runs, 1 hit, 0 errors, 1 left on base; Canton 4 - York 1 |
|